 Dungeon Crawl Stone Soup version 0.20-a0-540-ge6d1839 (webtiles) character file.

196 Bolverk the Twirler (level 5, -3/33 HPs)
             Began as a Gargoyle Gladiator on Jan 29, 2017.
             Slain by an ogre
             ... wielding a cursed -3 giant spiked club
              (17 damage)
             ... on level 4 of the Dungeon.
             The game lasted 00:06:01 (3454 turns).

Bolverk the Twirler (Gargoyle Gladiator)            Turns: 3454, Time: 00:06:01

Health: -3/33      AC: 14    Str: 17    XL:     5   Next: 74%
Magic:  5/5        EV: 11    Int:  9    God:
Gold:   122        SH:  0    Dex: 12    Spells: 4/4 levels left

rFire    . . .     SeeInvis +   a - +0 quarterstaff
rCold    + . .     Gourm    .   t - +0 chain mail
rNeg     + . .     Faith    .   (shield currently unavailable)
rPois    ∞         Spirit   .   c - +1 helmet
rElec    +         Reflect  .   (no cloak)
rCorr    .         Harm     .   (no gloves)
MR       .....     Clarity  +   (no boots)
Stlth    ..........             (no amulet)
Regen    0.6/turn               (no ring)
                                j - ring of see invisible

@: no status effects
A: big wings, repulsion field 2, clarity, cold resistance 1, negative energy
resistance 1, regeneration 1, robust 1, electricity resistance, unbreathing,
petrification resistance, rot immunity, AC +4
a: Fly


You were on level 4 of the Dungeon.
You were not hungry.

You visited 1 branch of the dungeon, and saw 4 of its levels.

You collected 122 gold pieces.

Inventory:

Hand Weapons
 a - a +0 quarterstaff (weapon)
Missiles
 d - 3 throwing nets {=f}
 p - 3 javelins (quivered)
 v - 12 poisoned needles
Armour
 c - a +1 helmet (worn)
 t - a +0 chain mail (worn)
Jewellery
 j - a ring of see invisible (left hand)
Wands
 s - a wand of iceblast (10/15)
Scrolls
 e - 2 scrolls of recharging {unknown}
 g - 2 scrolls of teleportation {unknown}
 k - 3 scrolls of remove curse {unknown}
 l - 3 scrolls of blinking {unknown}
 m - 2 scrolls of fear {unknown}
 o - a scroll of magic mapping {unknown}
 r - a scroll of noise {unknown}
 u - a scroll of identify
 w - 2 scrolls of enchant weapon {unknown}
Potions
 b - 2 potions of agility
 q - 2 potions of flight
Comestibles
 f - a bread ration
 h - a chunk of flesh
 i - 3 royal jellies
 x - a meat ration


   Skills:
 - Level 2.1 Fighting
 * Level 4.9 Staves
 + Level 2.1 Throwing
 + Level 1.0 Armour
 - Level 2.9 Dodging
 - Level 2.6 Stealth


You had 4 spell levels left.
You didn't know any spells.

Dungeon Overview and Level Annotations

Branches:
Dungeon (4/15)
 Temple: D:4-7

Altars:
Elyvilon
Makhleb
Zin


Innate Abilities, Weirdness & Mutations

You are resistant to torment.
Your stone body is resilient. (AC +4)
You are immune to poison.
You resist negative energy. (rN+)
You are resistant to electric shocks. (rElec)
You can survive without breathing.
You are immune to petrification.
You are immune to rotting.
Your large and strong wings let you fly indefinitely.
You are surrounded by a moderate repulsion field. (EV +3)
You possess an exceptional clarity of mind.
Your flesh is cold resistant. (rC+)
Your natural rate of healing is unusually fast.
You are robust. (+10% HP)


Message History

You pound the ogre like an anvil!
The ogre is severely wounded!
The ogre hits you with a giant spiked club!!!!!!
DANG; * * * don't die
* * * You barely miss the ogre!
The ogre is severely wounded!
The ogre hits you with a giant spiked club!!! * * * don't die
* * * You feel better!
You hammer the ogre like a gong!
The ogre is severely wounded!
The ogre barely misses you!
You flatten the ogre like a pancake!
The ogre is severely wounded!
The ogre closely misses you!
You crush the ogre like a grape!
The ogre is severely wounded!
The ogre hits you with a giant spiked club!!!
DANG rip

# ######.#### #.#
# #.# #.# # #.#
#.# # ##+# ##.## .
#...# ##...## .
(....# #.###.### .
((....# #.# #...#
.......###.###.#.#
(.....O@.......#.#
.......####...##.#
...>..#.......##.#
.....##.#####.##.#
#...# #.# #.##.#
##+# #.#####.##.#
#.#........#
#.#.###.####
#.#.###.#


You could see an ogre.

Vanquished Creatures
  Ijyb (D:3)
  7 adders
  3 oozes
  2 worms
  2 dart slugs
  2 leopard geckos (D:3)
  6 orcs (D:3)
  8 bats
  2 giant cockroaches (D:1)
  11 goblins
  8 hobgoblins
  4 jackals (D:3)
  2 quokkas
  5 frilled lizards
  8 kobolds
  6 rats
77 creatures vanquished.

Vanquished Creatures (others)
  A bush (D:3)
1 creature vanquished.

Grand Total: 78 creatures vanquished

Notes
Turn   | Place    | Note
-------+----------+-------------------------------------------
     0 | D:1      | Bolverk the Gargoyle Gladiator began the quest for the Orb.
     0 | D:1      | Reached XP level 1. HP: 12/12 MP: 1/1
   230 | D:1      | Reached XP level 2. HP: 16/17 MP: 2/2
   252 | D:1      | Reached skill level 1 in Stealth
   820 | D:1      | Reached XP level 3. HP: 21/21 MP: 3/3
  1420 | D:2      | Reached skill level 4 in Staves
  1433 | D:2      | Gained mutation: You are surrounded by a mild repulsion field. (EV +2) [potion of mutation]
  1433 | D:2      | Gained mutation: Your natural rate of healing is unusually fast. [potion of mutation]
  1433 | D:2      | Gained mutation: You are robust. (+10% HP) [potion of mutation]
  1477 | D:2      | Reached XP level 4. HP: 28/28 MP: 4/4
  2190 | D:2      | Gained mutation: You possess an exceptional clarity of mind. [potion of mutation]
  2190 | D:2      | Gained mutation: Your large and strong wings let you fly indefinitely. [potion of mutation]
  2190 | D:2      | Gained mutation: You are surrounded by a moderate repulsion field. (EV +3) [potion of mutation]
  2260 | D:3      | Noticed Ijyb
  2273 | D:3      | Killed Ijyb
  2273 | D:3      | Reached XP level 5. HP: 25/33 MP: 5/5
  2389 | D:3      | Found a white marble altar of Elyvilon.
  2556 | D:3      | Gained mutation: Your flesh is cold resistant. (rC+) [potion of beneficial mutation]
  3021 | D:3      | Found a burning altar of Makhleb.
  3105 | D:3      | Found a glowing silver altar of Zin.
  3105 | D:3      | Noticed an angel
  3106 | D:3      | Noticed a green death
  3231 | D:3      | Reached skill level 1 in Armour
  3443 | D:4      | Noticed an ogre
  3454 | D:4      | Slain by an ogre

Vault maps used:
D:1:      dpeg_arrival_brainrot
D:2:      corexii_hall_statues_x
D:3:      grunt_temple_overflow_order_and_chaos_2, lemuel_crystal_altar,
          serial_aquarium, aquarium_bridge_square, aquarium_window_corridor_3,
          aquarium_window_fake, aquarium_window_2, aquarium_window_1,
          aquarium_view_2d, aquarium_balcony_1b, aquarium_pool_2, uniq_iyjb
D:4:      minmay_misc_feat_diagonals

Skill      XL: |  1  2  3  4  5 |
---------------+----------------+-----
Stealth        | 1 2 |  2.6
Staves         | 4 |  4.9
Throwing       | 2 |  2.1
Armour         | 1 |  1.0
Fighting       | |  2.1
Dodging        | |  2.9

Action                   |  1- 3 |  4- 6 || total
-------------------------+-------+-------++-------
Melee: Quarterstaff      |    79 |   165 ||   244
Throw: Javelin           |       |     4 ||     4
  Use: Scroll            |     1 |     6 ||     7
       Potion            |     1 |     3 ||     4
 Stab: Sleeping          |     1 |       ||     1
       Distracted        |     1 |       ||     1
  Eat: Chunk             |     2 |     4 ||     6
       Meat ration       |       |     1 ||     1
Armor: Leather armour    |    18 |       ||    18
       Ring mail         |     7 |    20 ||    27
       Chain mail        |       |    58 ||    58
Dodge: Dodged            |    44 |   100 ||   144
